AoeStats
← 150490644@

Arabian Desert

509684007Analyzed
1v1 RM · 4d ago on Sep 27, 2026· 25m 54s· 2 players
Game mode
Random Map
Map size
Tiny (2 player)
Population
200
Speed
Normal
Resources
Standard
Victory
Conquest
Starting age
Dark Age
Ending age
Imperial Age
RankedLock teamsTeams togetherTeam positionsShared explorationLock speedFull tech treeHidden civsTurbo modeCheats
Victory
Defeat
🇨🇭 Persians · Switzerland
1023
+17
🇮🇹 Franks · Italy
1037
-17
afsalaza
6:13 Loom
9:04 Feudal Age
9:55 Double-Bit Axe
16:24 Wheelbarrow
17:02 Bloodlines
20:58 Castle Age
19:57 Scale Barding Armor
20:08 Horse Collar
24:42 Forging
150490644@
6:21 Loom
9:42 Feudal Age
10:50 Double-Bit Axe
20:40 Wheelbarrow
20:39 Gold Mining
23:17 Castle Age
22:19 Scale Mail Armor
22:24 Scale Barding Armor
24:00 Forging
23:59 Pikeman
Connection lost

Rejoining the realm…

Still unreachable

The connection could not be restored.

Session expired

The server has moved on; the page needs a fresh start.